 Dungeon Crawl Stone Soup version 0.32-a0-953-g508020473e (webtiles) character file.

Game seed: 14478480056356877590

23792 ragingrage the Brawler (level 13, 0/107 HPs)
             Began as a Ghoul Warper on Apr 16, 2024.
             Was an Elder of Yredelemnul.
             Slain by a water moccasin (3 damage)
             ... on level 2 of the Lair of Beasts.
             The game lasted 00:14:52 (13219 turns).

ragingrage the Brawler (Ghoul Warper)              Turns: 13219, Time: 00:14:53

Health: 0/107      AC: 20    Str: 20    XL:     13   Next: 9%
Magic:  16/19      EV:  6    Int: 12    God:    Yredelemnul [****..]
Gold:   480        SH:  0    Dex:  8    Spells: 13/15 levels left

rFire   . .          .
                       - Unarmed
rCold   + . .        (no shield)
rNeg    + + +        n - +0 plate armour
rPois   ∞            (no helmet)
rElec   .            w - +0 cloak
rCorr   .            (no gloves)
SInv    .            (no boots)
Will    .....        G - amulet of faith Stlth
                     r - +4 ring of protection
HPRegen 0.00/turn    (no ring)
MPRegen 0.16/turn

%: faith
@: inhibited regen, wreathed by umbra
A: claws 1, cold resistance 1, negative energy resistance 3, inhibited
regeneration, torment resistance 2, devour on kill
a: Renounce Religion, Light the Black Torch, Recall Undead Harvest, Hurl
Torchlight, Bind Soul


You were on level 2 of the Lair of Beasts.
You worshipped Yredelemnul.
Yredelemnul was aware of your devotion.
You visited 2 branches of the dungeon, and saw 13 of its levels.
You also visited: Sewer.

You collected 623 gold pieces.
You spent 143 gold pieces at shops.

Inventory:

Missiles
 c - 6 darts of dispersal (quivered)
 h - 36 poisoned darts
 j - 3 curare-tipped darts
 u - a throwing net
 M - 4 javelins
 N - 11 boomerangs
Armour
 n - a +0 plate armour (worn)
 w - a +0 cloak (worn)
 y - a +2 leather armour of fire resistance
 J - a +0 pair of gloves
Jewellery
 r - a +4 ring of protection (left claw)
 G - an amulet of faith (around neck)
Wands
 a - a wand of iceblast (11)
 d - a wand of flame (9)
 g - a wand of mindburst (21)
 E - a wand of charming (24)
 F - a wand of polymorph (7)
 O - a wand of quicksilver (2)
 P - a wand of digging (4)
Scrolls
 b - a scroll of amnesia {unknown}
 e - 3 scrolls of poison
 f - a scroll of summoning
 i - 5 scrolls of blinking
 k - a scroll of acquirement {unknown}
 l - a scroll of silence {unknown}
 m - 4 scrolls of identify
 o - a scroll of enchant weapon {unknown}
 q - 2 scrolls of immolation
 s - 2 scrolls of revelation
 x - 6 scrolls of teleportation
 D - 2 scrolls of vulnerability {unknown}
 I - a scroll of fear
 K - a scroll of fog
Potions
 p - 2 potions of haste
 t - a potion of attraction {unknown}
 v - a potion of cancellation {unknown}
 z - 2 potions of magic {unknown}
 A - 7 potions of curing
 B - a potion of berserk rage {unknown}
 C - 2 potions of might {unknown}
 H - 2 potions of resistance
 L - 2 potions of heal wounds


   Skills:
 + Level 8.3 Fighting
 - Level 4.0 Throwing
 - Level 11.0 Armour
 - Level 1.7 Dodging
 + Level 15.2 Unarmed Combat
 - Level 1.7 Spellcasting
 - Level 2.6 Translocations
 - Level 9.0 Invocations


You had 13 spell levels left.
You knew the following spells:

 Your Spells              Type           Power      Damage    Failure   Level
a - Blink                 Tloc           14%        N/A       91%         2

Your spell library contained the following spells:

 Spells                   Type           Power      Damage    Failure   Level
 Lesser Beckoning         Tloc           14%        N/A       91%         2
 Magic Dart               Conj           4%         1d3       99%         1
 Maxwell's Portable Pile  Tloc           7%         2d(5-15)  99%         3
 Teleport Other           Tloc           7%         N/A       99%         3
 Call Imp                 Summ           2%         N/A       100%        2
 Ensorcelled Hibernation  Hex/Ice        2%         N/A       100%        2
 Scorch                   Fire           2%         2d5       100%        2
 Hailstorm                Conj/Ice       1%         3d5       100%        3
 Passwall                 Erth           1%         N/A       100%        3
 Sigil of Binding         Hex            1%         N/A       100%        3
 Stone Arrow              Conj/Erth      2%         3d7       100%        3
 Summon Ice Beast         Ice/Summ       1%         N/A       100%        3
 Swiftness                Air            1%         N/A       100%        3
 Anguish                  Hex/Necr       0%         N/A       100%        4
 Animate Armour           Summ/Erth      2%         N/A       100%        4
 Cause Fear               Hex            0%         N/A       100%        4
 Flame Wave               Conj/Fire      1%         2d4       100%        4
 Vhi's Electric Charge    Tloc/Air       8%         N/A       100%        4
 Permafrost Eruption      Ice/Erth       0%         2x4d1     100%        6
 Sculpt Simulacrum        Ice/Alch       0%         N/A       100%        6
 Summon Cactus Giant      Summ           0%         N/A       100%        6
 Enfeeble                 Hex            0%         N/A       100%        7
 Seismic Cannonade        Alch/Erth      0%         6d4       100%        7
 Lehudib's Crystal Spear  Conj/Erth      0%         10d2      100%        8


Dungeon Overview and Level Annotations

Branches:
Dungeon (11/15)            Temple (0/1) D:7            Lair (2/5) D:10
  Snake (0/4) Lair:2          Orc (0/2) D:11          Sewer (visited)
  Swamp: Lair:2-3    Shoals: Lair:2-3

Altars:
Ashenzari
Kikubaaqudgha
Makhleb
Nemelex Xobeh
Okawaru
Ru
Sif Muna
Vehumet
Wu Jian
Yredelemnul
Beogh

Shops:
D:10 [(!

Annotations:
D:4 Pikel


Innate Abilities, Weirdness & Mutations

You are immune to poison.
You have sharp fingernails.
Your flesh is cold resistant. (rC+)
You are immune to negative energy. (rN+++)
You do not regenerate when monsters are visible.
You are immune to unholy pain and torment.
You thrive by killing the living.


Message History

Your bound five-headed hydra bites the blink frog!
The blink frog dies!
Their soul becomes fuel for the torch.
Your cane toad zombie hits the yak but does no damage.
Your wyvern zombie bites the water moccasin!
The yak gores your cane toad zombie!
The yak gores the plant!
Your cane toad zombie hits the yak!
The water moccasin bites your wyvern zombie!
Your wyvern zombie barely misses the water moccasin.
The yak gores your cane toad zombie!
Your elephant zombie tramples the yak!
The yak holds its ground!
Your elephant zombie trunk-slaps the yak but does no damage.
The yak gores the plant!
The water moccasin bites your wyvern zombie!
Your wyvern zombie bites the water moccasin but does no damage.
Your cane toad zombie hits the yak!
A nearby plant withers and dies.
A yak comes into view.
The yak gores your cane toad zombie!
Your cane toad zombie is destroyed!
Your elephant zombie tramples the yak!
The yak holds its ground!
The yak dies!
Their soul becomes fuel for the torch.
Your wyvern zombie bites the yak but does no damage.
Your bound five-headed hydra bites the yak!
Your bound five-headed hydra drains the yak.
Your bound five-headed hydra bites the yak!
Your bound five-headed hydra drains the yak.
Your bound five-headed hydra bites the yak.
The yak dies!
Their soul becomes fuel for the torch.
The dead are walking!
The water moccasin barely misses you.
You closely miss the water moccasin.
Your blink frog zombie hits the yak!
Something hits your wyvern zombie. The yak gores your elephant zombie!
Your basilisk zombie bites the water moccasin!
Your elephant zombie tramples the yak.
The yak holds its ground!
Your elephant zombie trunk-slaps the yak.
The water moccasin bites you.
You die...
You join the legions of the undead harvest.

#. . #†#♣. ##Y#.♣ #Y†#.♣
♣ #ZZ#.♣.♣ #..ZZ♣.♣.##.
♣. ##.ZZZZ~....? ...
#....S♣ ♣♣. ##..#@♣ ♣.♣
#...#.♣ .♣ ##..#.♣
#..#♣. ##..# . #...# ♣.
#...##################
####...ZZ...............
#.......................


You could see 2 yaks, a water moccasin (ally target), a friendly bound
five-headed hydra, a friendly basilisk zombie, 2 friendly yak zombies, 2
friendly elephant zombies, a friendly blink frog zombie and a friendly wyvern
zombie.

Vanquished Creatures
  A two-headed ogre (D:10)
  A death yak (Lair:1)
  5 elephants (Lair:2)
  A black mamba (Lair:1)
  A torpor snail (Lair:1)
  An unseen horror (D:11)
  2 komodo dragons
  5 cane toads
  A rime drake (Lair:2)
  A kobold demonologist (D:10)
  A troll (D:9)
  3 blink frogs
  A shadow (D:9)
  3 wraiths
  3 wyverns
  A basilisk (Lair:2)
  6 yaks
  2 steam dragons
  2 vampire mosquitoes (D:11)
  An acid dragon (D:10)
  A naga (Lair:2)
  8 water moccasins
  A black bear (D:10)
  7 orc warriors
  2 sky beasts (D:7)
  2 wolves (D:10)
  An ogre (D:6)
  A centaur (D:8)
  4 lemures
  6 kobold brigands (Sewer)
  A bullfrog (D:6)
  2 scorpions
  4 wights (D:10)
  5 killer bees (D:9)
  2 hounds
  3 bombardier beetles
  5 orc priests
  2 jellies
  A sleepcap (D:6)
  11 orc wizards
  3 gnolls (D:3)
  4 river rats (Sewer)
  8 adders
  A shadow imp (D:6)
  2 white imps
  2 ufetubi (D:7)
  4 dart slugs
  4 ribbon worms
  33 orcs
  6 ball pythons
  14 endoplasms
  5 giant cockroaches
  4 hobgoblins
  3 jackals (D:2)
  3 quokkas
  4 bats
  5 frilled lizards
  12 goblins
  7 kobolds
  6 rats
241 creatures vanquished.

Vanquished Creatures (collateral kills)
  A hydra (Lair:2)
  A death yak (Lair:1)
  A deep elf pyromancer (D:8)
  4 elephants (Lair:2)
  A manticore (D:11)
  4 black mambas (Lair:2)
  4 cane toads
  2 komodo dragons
  4 blink frogs
  A shadow (D:10)
  A wyvern (Lair:2)
  5 basilisks
  6 yaks
  A steam dragon (D:8)
  2 vampire mosquitoes (D:11)
  A naga (Lair:2)
  A water moccasin (Lair:2)
  2 acid dragons
  An orc warrior (D:8)
  A black bear (D:10)
  3 bullfrogs
  A howler monkey (D:8)
  A jelly (D:6)
  An orc priest (D:11)
  A sleepcap (D:7)
  2 iguanas
  11 orcs
64 creatures vanquished.

Vanquished Creatures (others)
  A hydra zombie (Lair:2)
  A black mamba zombie (Lair:2)
  A cane toad zombie (Lair:2)
  A komodo dragon zombie (Lair:2)
  2 water moccasin zombies
  A wyvern zombie (D:10)
  A bullfrog zombie (D:8)
  A wolf zombie (D:10)
  An orc wizard (D:8)
  2 acid dragon zombies
  A hound zombie (D:6)
  A howler monkey zombie (D:8)
  A steam dragon zombie (D:8)
  An iguana zombie (D:6)
  3 orc zombies
19 creatures vanquished.

Grand Total: 324 creatures vanquished

Notes
Turn   | Place    | Note
-------+----------+-------------------------------------------
     0 | D:1      | ragingrage the Ghoul Warper began the quest for the Orb.
     0 | D:1      | Reached XP level 1. HP: 17/17 MP: 3/3
   227 | D:1      | Reached skill level 3 in Unarmed Combat
   227 | D:1      | Reached XP level 2. HP: 17/24 MP: 4/4
   443 | D:1      | Reached XP level 3. HP: 27/29 MP: 5/5
   663 | D:1      | Reached skill level 4 in Unarmed Combat
  1169 | D:3      | Reached XP level 4. HP: 12/36 MP: 6/6
  1352 | D:3      | Found a burning altar of Makhleb.
  1392 | D:3      | Reached skill level 5 in Unarmed Combat
  1693 | D:3      | Reached XP level 5. HP: 37/41 MP: 7/7
  2095 | D:4      | Found an iron altar of Okawaru.
  2117 | D:4      | Noticed a lemure
  2117 | D:4      | Noticed Pikel
  2118 | D:4      | Noticed a lemure
  2118 | D:4      | Noticed a lemure
  2118 | D:4      | Noticed a lemure
  2147 | D:4      | Killed a lemure
  2158 | D:4      | HP: 1/41 [Pikel/+2 whip of flaming (2)]
  2351 | D:4      | Reached skill level 6 in Unarmed Combat
  2560 | D:4      | Killed a lemure
  2622 | D:4      | Found a glowing drain.
  2636 | Sewer    | Entered a sewer
  2758 | Sewer    | Noticed a kobold brigand
  2774 | Sewer    | Killed a kobold brigand
  2775 | Sewer    | Reached skill level 7 in Unarmed Combat
  2775 | Sewer    | Reached XP level 6. HP: 35/48 MP: 8/8
  3015 | Sewer    | Reached skill level 8 in Unarmed Combat
  3015 | Sewer    | Reached XP level 7. HP: 32/55 MP: 9/9
  3323 | Sewer    | Reached skill level 1 in Throwing
  3431 | Sewer    | Reached skill level 9 in Unarmed Combat
  3786 | D:4      | Found a radiant altar of Vehumet.
  3992 | D:5      | Entered Level 5 of the Dungeon
  4181 | D:5      | Found a sacrificial altar of Ru.
  4491 | D:5      | Became a worshipper of Ru the Awakened
  4730 | D:5      | Found a basalt altar of Yredelemnul.
  4734 | D:5      | Reached XP level 8. HP: 61/61 MP: 10/10
  4746 | D:5      | Fell from the grace of Ru
  4746 | D:5      | Became a worshipper of Yredelemnul the Fallen
  5289 | D:6      | Reached skill level 10 in Unarmed Combat
  5296 | D:6      | Reached skill level 1 in Armour
  5678 | D:6      | Found a sparkling altar of Nemelex Xobeh.
  5810 | D:6      | Found a broken altar of Ashenzari.
  6018 | D:6      | Reached XP level 9. HP: 69/71 MP: 11/11
  6102 | D:6      | Found a shimmering blue altar of Sif Muna.
  6503 | D:7      | Learned a level 2 spell: Blink
  6929 | D:7      | Found a staircase to the Ecumenical Temple.
  7024 | D:8      | Reached skill level 5 in Fighting
  7025 | D:8      | Reached * piety under Yredelemnul
  7032 | D:8      | Reached skill level 11 in Unarmed Combat
  7096 | D:8      | Noticed a deep elf pyromancer
  7104 | D:8      | Killed a deep elf pyromancer
  7105 | D:8      | Reached skill level 5 in Armour
  8068 | D:9      | Reached XP level 10. HP: 60/81 MP: 12/12
  8195 | D:9      | Reached skill level 12 in Unarmed Combat
  8875 | D:10     | Entered Level 10 of the Dungeon
  8936 | D:10     | Found Fekeh's Distillery.
  9019 | D:10     | Noticed a kobold demonologist
  9056 | D:10     | Reached ** piety under Yredelemnul
  9057 | D:10     | Reached skill level 13 in Unarmed Combat
  9064 | D:10     | Killed a kobold demonologist
  9066 | D:10     | Noticed a two-headed ogre
  9087 | D:10     | Killed a two-headed ogre
  9206 | D:10     | Reached XP level 11. HP: 47/86 MP: 13/13
  9327 | D:10     | Bought a potion of degeneration for 13 gold pieces
  9327 | D:10     | Bought a potion of heal wounds for 65 gold pieces
  9327 | D:10     | Bought a potion of heal wounds for 65 gold pieces
  9341 | D:10     | Found an ornate altar of the Wu Jian Council.
  9420 | D:10     | Found Baasuwk's Antique Weapon Shop.
  9509 | D:10     | Found a staircase to the Lair.
  9525 | D:10     | Reached skill level 1 in Invocations
  9785 | D:10     | Found an ancient bone altar of Kikubaaqudgha.
  9868 | D:10     | Found Jutipa's Armour Boutique.
  9971 | D:11     | Noticed a manticore
  9977 | D:11     | Killed a manticore
 10423 | D:11     | Found a roughly hewn altar of Beogh.
 10423 | D:11     | Found a staircase to the Orcish Mines.
 10474 | D:11     | Reached skill level 14 in Unarmed Combat
 11373 | Lair:1   | Entered Level 1 of the Lair of Beasts
 11431 | Lair:1   | Noticed a death yak
 11431 | Lair:1   | Noticed a death yak
 11439 | Lair:1   | Killed a death yak
 11440 | Lair:1   | Killed a death yak
 11441 | Lair:1   | Reached skill level 5 in Invocations
 11617 | Lair:1   | Reached *** piety under Yredelemnul
 11700 | Lair:1   | Identified the +6 short sword of the Nexus {holy, rCorr
                  | Int+3}
 11767 | Lair:1   | Reached skill level 10 in Armour
 11815 | Lair:1   | Reached XP level 12. HP: 46/94 MP: 17/17
 12486 | Lair:2   | Noticed a six-headed hydra
 12490 | Lair:2   | Killed a six-headed hydra
 12687 | Lair:2   | Reached **** piety under Yredelemnul
 12823 | Lair:2   | Noticed a five-headed hydra
 12831 | Lair:2   | Killed a five-headed hydra
 12831 | Lair:2   | Bound a five-headed hydra
 13136 | Lair:2   | Found a staircase to the Snake Pit.
 13207 | Lair:2   | Reached skill level 15 in Unarmed Combat
 13207 | Lair:2   | Reached XP level 13. HP: 10/107 MP: 14/19
 13212 | Lair:2   | HP: 3/107 [wyvern (7)]
 13219 | Lair:2   | Slain by a water moccasin

Illustrated notes

Levels and vault maps discovered:
D:1:      scummos_arrival_checkerplants, layout_loops_ring, st_stairs_14,
          chequers_serial_rivers_marsh, minmay_tetromino_i4
D:2:      layout_basic, nicolae_concentric_dashed_squares_mild,
          minmay_strange_pillars
D:3:      layout_loops_cross, chequers_temple_overflow_statue_of_worship,
          st_stairs_8, nicolae_figureground_sparkle
D:4:      layout_gridville, marbit_many_paths, mainiacjoe_overflow_alcove_2,
          portal_sewer_entry_d, uniq_pikel
D:5:      layout_gridville, mainiacjoe_overflow_alcove_4, lemuel_tele_altar,
          chequers_big_river
D:6:      layout_basic, nicolae_overflow_crystal_walls, lemuel_crystal_altar,
          old_standard_altar, nicolae_titane
D:7:      layout_gridville, temple_hall, grunt_decor_one_mirror
D:8:      layout_basic
D:9:      layout_roguey
D:10:     layout_basic, nicolae_kikubaaqudgha_miasma_corner,
          lemuel_doored_altar, minmay_lair_entry_grove, serial_glass,
          glass_columns_c, glass_columns_b, feat_on_display, feat_on_display,
          serial_shops, shop, nicolae_shop_window_shopping, shop,
          evilmike_minifort
D:11:     layout_cave_pools, david_orc_5, serial_bayou_pond_d,
          patterned_corridor
Lair:1:   layout_gridlike
Lair:2:   nzn_winding_woodlands_small [nzn_winding_woodlands_5x15_sawtooth,
          nzn_winding_woodlands_center_pierced_h,
          nzn_winding_woodlands_5x15_eye], layout_cave_shapes,
          minmay_snake_entry_guardpost_small, minivault_19,
          nicolae_quartered_pool_super

Skill      XL: |  1  2  3  4  5  6  7  8  9 10 11 12 13 |
---------------+----------------------------------------+-----
Unarmed Combat | 3 4 5 7 8 9 10 11 13 14 15 | 15.2
Throwing       | 2 4 |  4.0
Armour         | 2 5 8 10 11 | 11.0
Fighting       | 3 5 7 8 |  8.3
Invocations    | 6 9 |  9.0
Dodging        | |  1.7
Spellcasting   | |  1.7
Translocations | |  2.6

Action                     |  1- 3 |  4- 6 |  7- 9 | 10-12 | 13-15 || total
---------------------------+-------+-------+-------+-------+-------++-------
  Melee: Unarmed           |   134 |   213 |   349 |   309 |     2 ||  1007
         Punch             |     3 |     4 |    12 |    21 |       ||    40
  Throw: Dart              |     1 |       |     8 |     2 |       ||    11
         Throwing net      |       |     2 |       |       |       ||     2
 Invoke: Light the Black T |       |       |     4 |     4 |       ||     8
         Hurl Torchlight   |       |       |       |     5 |       ||     5
         Bind Soul         |       |       |       |     1 |       ||     1
  Evoke: Wand              |       |       |       |     3 |       ||     3
    Use: Potion            |       |     5 |     3 |       |       ||     8
         Scroll            |       |     1 |     2 |     6 |       ||     9
   Stab: Distracted        |       |       |     1 |     3 |       ||     4
 Armour: Leather armour    |    99 |    26 |       |       |       ||   125
         Plate armour      |       |   133 |   340 |   335 |     3 ||   811
  Dodge: Dodged            |   103 |    41 |    56 |   102 |     2 ||   304

Table legend: (Time is in decaauts)
 A = Elapsed time spent in this place.
 B = Non-inter-level travel time spent in this place.
 C = Inter-level travel time spent in this place.
 D = Time resting spent in this place.
 E = Time spent auto-exploring this place.
 F = Levels seen in this place.
 G = Mean time per level.
                   A        B        C        D        E       F      G
               +--------+--------+--------+--------+--------+-----+--------+
         Total |  13219 |  12527 |    692 |   1671 |   8481 |  14 |  944.2 |
       Dungeon |  10354 |   9697 |    657 |   1023 |   6900 |  11 |  941.3 |
          Lair |   1816 |   1781 |     35 |    524 |    941 |   2 |  908.0 |
         Sewer |   1047 |   1047 |      0 |    124 |    640 |   1 | 1047.0 |
               +--------+--------+--------+--------+--------+-----+--------+

Top non-repeatable levels by time:
     D:8: 1278 daAuts
     D:6: 1254 daAuts
    D:10: 1141 daAuts
    D:11: 1126 daAuts
     D:3: 1098 daAuts
  Lair:1: 1091 daAuts
   Sewer: 1047 daAuts
     D:5: 992 daAuts
     D:1: 852 daAuts
     D:9: 836 daAuts
     D:4: 798 daAuts
  Lair:2: 725 daAuts
     D:7: 671 daAuts
     D:2: 305 daAuts
